 Dungeon Crawl Stone Soup version 0.30-a0-170-g85af917532 (console) character file.

Game seed: 3564609387951222453

29 capslocke the Sneak (level 3, -1/26 HPs)
             Began as an Octopode Delver on Oct 1, 2022.
             Slain by a gnoll
             ... wielding a +0 halberd
              (13 damage)
             ... on level 4 of the Dungeon.
             The game lasted 00:01:47 (115 turns).

capslocke the Sneak (Octopode Delver)                Turns: 115, Time: 00:01:48

Health: -1/26      AC:  1    Str: 13    XL:     3   Next: 16%
Magic:  3/3        EV: 13    Int: 12    God:
Gold:   0          SH:  0    Dex: 13    Spells: 2/2 levels left

rFire   . . .      SeeInvis .    a - +0 falchion
rCold   . . .      Faith    .    (no shield)
rNeg    . . .      Spirit   .    (helmet restricted)
rPois   .          Reflect  .    (no amulet)
rElec   .          Harm     .    (no ring)
rCorr   .          Rampage  .    (no ring)
Will    .....                    (no ring)
Stlth   +++++.....               (no ring)
HPRegen 0.08/turn                (no ring)
MPRegen 0.08/turn                (no ring)
                                 (no ring)
                                 (no ring)

@: no status effects
A: almost no armour, amphibious, 8 rings, camouflage 1, gelatinous body 1,
(nimble swimmer 1), tentacles
a: no special abilities


You were on level 4 of the Dungeon.
You visited 1 branch of the dungeon, and saw 2 of its levels.

Inventory:

Hand Weapons
 a - a +0 falchion (weapon)
Wands
 f - a wand of digging (3)
Scrolls
 c - a scroll of magic mapping
Potions
 e - a potion of haste


   Skills:
 + Level 3.1 Fighting
 + Level 2.1 Long Blades
 + Level 2.0 Dodging
 + Level 7.6 Stealth


You had 2 spell levels left.
You didn't know any spells.
Your spell library was empty.

Dungeon Overview and Level Annotations

Branches:
Dungeon (5/15)
 Temple: D:4-7

Altars:

Annotations:
D:5 Prince Ribbit


Innate Abilities, Weirdness & Mutations

You cannot wear most types of armour.
You are amphibious.
You can wear up to eight rings at the same time.
Your skin changes colour to match your surroundings (Stealth+).
Your rubbery body absorbs attacks. (AC +1, EV +1)
((You are camouflaged when in or above water. (Stealth+)))
You have tentacles for arms and can constrict up to eight enemies at once.


Message History

The hound bites you. The hound misses you. The hound attacks as you move away!
The hound closely misses you.
Found a bubbling puce potion.
The hound attacks as you move away! The hound bites you.
As you read the scroll of fog, it crumbles to dust.
The scroll dissolves into smoke.
The hound closely misses you. The hound barely misses you.
A gnoll comes into view. It is wielding a +0 halberd.
You closely miss the hound. You grab the hound.
You constrict the hound, but do no damage.
The hound closely misses you. The hound bites you.
You hit the hound.
The hound is moderately wounded.
You constrict the hound. The hound bites you. The hound barely misses you.
Evoke which item? (* to show all) (? for menu, Esc to quit)
You don't have any such object.
Evoke which item? (* to show all) (? for menu, Esc to quit)
You don't have any such object.
Evoke which item? (* to show all) (? for menu, Esc to quit)
You don't have any such object.
Evoke which item? (* to show all) (? for menu, Esc to quit)
Okay, then.
You hit the hound.
The hound is almost dead.
You constrict the hound.
You kill the hound!
Your Stealth skill increases to level 7!
You have reached level 2!
You have reached level 3!
Your experience leads to an increase in your attributes!
Increase (S)trength, (I)ntelligence, or (D)exterity?
Uppercase letters only, please.
You feel stronger. x2
The gnoll seems to regain its courage.
The iguana hisses angrily.
The gnoll completely misses you. The gnoll hits you with a +0 halberd!
Ouch! That really hurt!
You die...

#########
#..g....#####
#.#####.#!..########
#...###g#.#.@......#
#...........g.####.#
#...###..####.#
#.........###.##
#..............
##.#.P.Pl.P.....
#.#..ยง~~~P.##'#
#>#.P..P.P.# ..
#.#.P~~~~P.#


You could see a gnoll.

Vanquished Creatures
  A hound (D:4)
1 creature vanquished.

Notes
Turn   | Place    | Note
-------+----------+-------------------------------------------
     0 | D:5      | capslocke the Octopode Delver began the quest for the Orb.
     0 | D:5      | Reached XP level 1. HP: 16/16 MP: 1/1
    14 | D:5      | Noticed Prince Ribbit
    30 | D:5      | Noticed an ogre
    30 | D:5      | Noticed a scorpion
    54 | D:5      | Noticed a gnoll bouda
    73 | D:4      | Noticed an iguana
    82 | D:4      | Noticed a hound
    98 | D:4      | Killed a hound
    99 | D:4      | Reached skill level 7 in Stealth
    99 | D:4      | Reached XP level 2. HP: 9/21 MP: 2/2
    99 | D:4      | Reached XP level 3. HP: 11/26 MP: 3/3
   115 | D:4      | Slain by a gnoll

Illustrated notes

Levels and vault maps discovered:
D:4:      layout_loops_cross, kennysheep_mini_moat, ebering_ghost_sewer_d,
          grunt_ministairs_11, dreamdust_gnoll_farm, uniq_natasha
D:5:      layout_cave_pools, minmay_temple_entry_drinking_statues,
          uniq_menkaure, uniq_prince_ribbit1

Skill      XL: |  1 |
---------------+----+-----
Stealth        | 7 |  7.6
Fighting       | |  3.1
Long Blades    | |  2.1
Dodging        | |  2.0

Action                   || total
-------------------------++-------
Melee: Falchion          ||     3
       Constrict         ||     1
  Use: Scroll            ||     2
Dodge: Dodged            ||     9

Table legend: (Time is in decaauts)
 A = Elapsed time spent in this place.
 B = Non-inter-level travel time spent in this place.
 C = Inter-level travel time spent in this place.
 D = Time resting spent in this place.
 E = Time spent auto-exploring this place.
 F = Levels seen in this place.
 G = Mean time per level.
                   A        B        C        D        E       F      G
               +--------+--------+--------+--------+--------+-----+--------+
         Total |    115 |    115 |      0 |      0 |     14 |   2 |   57.5 |
       Dungeon |    115 |    115 |      0 |      0 |     14 |   2 |   57.5 |
               +--------+--------+--------+--------+--------+-----+--------+

Top non-repeatable levels by time:
     D:5: 61 daAuts
     D:4: 54 daAuts
